 Dungeon Crawl Stone Soup version 0.21-a0-404-g291f19a (webtiles) character file.

213 KristoblXynda the Shield-Bearer (level 5, -1/45 HPs)
             Began as a Minotaur Fighter on Oct 29, 2017.
             Was a Follower of Yredelemnul.
             Slain by a kobold
             ... wielding a +0 whip
              (4 damage)
             ... on level 3 of the Dungeon.
             The game lasted 00:03:06 (1387 turns).

KristoblXynda the Shield-Bearer (Minotaur Fighter)  Turns: 1387, Time: 00:03:06

Health: -1/45      AC:  7    Str: 21    XL:     5   Next: 59%
Magic:  4/4        EV:  7    Int:  5    God:    Yredelemnul [*.....]
Gold:   114        SH: 10    Dex: 10    Spells: 4/4 levels left

rFire    . . .     SeeInvis .   a - +0 long sword
rCold    . . .     Gourm    .   c - +0 shield
rNeg     . . .     Faith    .   b - +0 scale mail
rPois    .         Spirit   .   (helmet restricted)
rElec    .         Reflect  .   (no cloak)
rCorr    .         Harm     .   (no gloves)
MR       .....                  (no boots)
Stlth    ..........             (no amulet)
HPRegen  0.15/turn              (no ring)
MPRegen  0.09/turn              (no ring)

@: no status effects
A: retaliatory headbutt, horns 2
a: Animate Remains, Renounce Religion


You were on level 3 of the Dungeon.
You worshipped Yredelemnul.
Yredelemnul was aware of your devotion.
You were not hungry.

You visited 1 branch of the dungeon, and saw 3 of its levels.

You collected 114 gold pieces.

Inventory:

Hand Weapons
 a - a +0 long sword (weapon)
Armour
 b - a +0 scale mail (worn)
 c - a +0 shield (worn)
Scrolls
 e - 2 scrolls of remove curse {unknown}
 g - a scroll of recharging {unknown}
 j - a scroll of teleportation {unknown}
 o - a scroll of enchant weapon {unknown}
 s - a scroll of enchant armour {unknown}
Potions
 d - a potion of might
 i - a potion of agility {unknown}
 k - a potion of haste {unknown}
 l - a potion of ambrosia {unknown}
 m - 2 potions of brilliance {unknown}
 n - a potion of degeneration {unknown}
 r - a potion of mutation {unknown}
Comestibles
 f - 2 bread rations
 h - 3 royal jellies
 p - 4 fruits
 q - a meat ration
 t - 12 chunks of flesh


   Skills:
 - Level 3.6 Fighting
 + Level 4.5 Long Blades
 - Level 5.1 Armour
 + Level 5.2 Shields
 + Level 0.7 Invocations


You had 4 spell levels left.
You didn't know any spells.

Dungeon Overview and Level Annotations

Branches:
Dungeon (3/15)

Altars:
Yredelemnul


Innate Abilities, Weirdness & Mutations

You reflexively headbutt those who attack you in melee.
You have a pair of horns on your head.


Message History

Unknown command.
A kobold is nearby!
A kobold is nearby!
The kobold shouts!
Items here: ))))) [ รท The kobold unwields an uncursed whip.
The kobold wields a blowgun.
The kobold shoots a poisoned needle.
You block the poisoned needle.
You barely miss the kobold.
The kobold unwields an uncursed blowgun.
The kobold wields an uncursed whip.
The kobold hits you with an uncursed whip.
* * * LOW HITPOINT WARNING * * *
You miss the kobold. Your headbutt misses the kobold.
The kobold hits you with an uncursed whip.
* * * LOW HITPOINT WARNING * * *
You block the kobold's attack.
You barely miss the kobold. Your headbutt misses the kobold.
The kobold hits you with an uncursed whip.
You die...
Your body rises from the dead as a mindless zombie.

#.....#........##...#
#...# ###..###......#
#. #...# ##..#
..#...##... ...# ###..#
#.#......>. ...# #....#
#.#...#.... #.##
#.##.###.#)..).... ##
#....#.##..%.))).......
.# #...##.###.......##.
...# ###.....#.@#....##
#....# #........K####.#
..... ##.###..#.# .#
##.. #.# #...... # .
#.# #.####.. #.# ..# .
.. #.#.#.# .. ..#. ..#


You could see a kobold.

Vanquished Creatures
  An orc priest (D:3)
  Jessica (D:2)
  3 gnolls (D:2)
  4 adders
  3 worms (D:2)
  A dart slug (D:2)
  3 leopard geckos
  8 orcs (D:3)
  3 giant cockroaches
  8 goblins
  6 hobgoblins
  6 jackals (D:2)
  A quokka (D:3)
  A ball python (D:1)
  10 bats
  5 frilled lizards
  5 kobolds
  5 rats
74 creatures vanquished.

Notes
Turn   | Place    | Note
-------+----------+-------------------------------------------
     0 | D:1      | KristoblXynda the Minotaur Fighter began the quest for the Orb.
     0 | D:1      | Reached XP level 1. HP: 19/19 MP: 0/0
   168 | D:1      | Reached XP level 2. HP: 18/26 MP: 1/1
   685 | D:2      | Found a basalt altar of Yredelemnul.
   690 | D:2      | Reached XP level 3. HP: 28/31 MP: 2/2
   715 | D:2      | Became a worshipper of Yredelemnul the Dark
   885 | D:2      | Reached XP level 4. HP: 19/39 MP: 3/3
  1112 | D:2      | Noticed Jessica
  1116 | D:2      | Killed Jessica
  1204 | D:2      | Reached XP level 5. HP: 45/45 MP: 4/4
  1248 | D:3      | Reached * piety under Yredelemnul
  1248 | D:3      | Reached skill level 5 in Armour
  1276 | D:3      | Reached skill level 5 in Shields
  1387 | D:3      | Slain by a kobold

Vault maps used:
D:1:      roderic_octagonal_star
D:2:      first_bread, hex_medium, yredelemnul_altar_generic, uniq_jessica

Skill      XL: |  1  2  3  4  5 |
---------------+----------------+-----
Shields        | 4 5 |  5.2
Long Blades    | 3 4 |  4.5
Armour         | 4 5 |  5.1
Fighting       | |  3.6
Invocations    | |  0.7

Action                   |  1- 3 |  4- 6 || total
-------------------------+-------+-------++-------
Melee: Long sword        |    70 |    91 ||   161
       Headbutt          |    14 |     9 ||    23
  Eat: Chunk             |       |     2 ||     2
Armor: Scale mail        |    42 |    49 ||    91
Dodge: Dodged            |    27 |    41 ||    68
Block: Shield            |    37 |    70 ||   107
       Rpst.: Long sword |     7 |    11 ||    18

Table legend:
 A = Spawn XP
 B = Non-spawn XP
 C = Spawn XP percentage of total XP
 D = Spawn monster count
 E = Non-spawn monster count
 F = Spawn count percentage of total count
 G = Total turns spent on level
                    A         B        C        D         E        F      G
               +---------+---------+-------+---------+---------+-------+---------
         Total |       0 |     305 |   0.0 |       0 |      74 |   0.0 |  1387
               +---------+---------+-------+---------+---------+-------+---------
           D:1 |       0 |      38 |   0.0 |       0 |      26 |   0.0 |   680
           D:2 |       0 |     159 |   0.0 |       0 |      28 |   0.0 |   560
           D:3 |       0 |     108 |   0.0 |       0 |      20 |   0.0 |   147
               +---------+---------+-------+---------+---------+-------+---------
